 Dungeon Crawl Stone Soup version 0.21.0-3-g78d12a8 (webtiles) character file.

11977 dobroeutro the Carver (level 11, -5/89 HPs)
             Began as a Demonspawn Fighter on Jan 10, 2018.
             Was a High Priest of Okawaru.
             Slain by Snorg (7 damage)
             ... on level 9 of the Dungeon on Jan 11, 2018.
             The game lasted 00:16:36 (10087 turns).

dobroeutro the Carver (Demonspawn Fighter)         Turns: 10087, Time: 00:16:38

Health: -5/89      AC: 18    Str: 32    XL:     11   Next: 56%
Magic:  0/11       EV: 19    Int:  9    God:    Okawaru [*****.]
Gold:   635        SH: 13    Dex: 12    Spells: 10/10 levels left

rFire    + . .     SeeInvis +   I - +1 long sword (elec)
rCold    . . .     Gourm    .   c - +1 shield
rNeg     . . .     Faith    .   b - +0 scale mail
rPois    .         Spirit   +   C - +1 hat {SInv}
rElec    .         Reflect  .   A - +2 cloak
rCorr    .         Harm     .   F - +0 pair of gloves
MR       .....                  (no boots)
Stlth    +.........             (no amulet)
HPRegen  0.24/turn              t - +6 ring of strength
MPRegen  0.24/turn              H - +3 ring of evasion

@: mighty, heroism
A: talons 1, icy blue scales 2, fire resistance 1, magic shield, magic
regeneration, flame cloud immunity
a: Heroism, Finesse, Renounce Religion


You were on level 9 of the Dungeon.
You worshipped Okawaru.
Okawaru was extremely pleased with you.
You were near starving.

You visited 1 branch of the dungeon, and saw 10 of its levels.

You collected 635 gold pieces.

Inventory:

Hand Weapons
 I - a +1 long sword of electrocution (weapon)
Armour
 b - a +0 scale mail (worn)
 c - a +1 shield (worn)
 A - a +2 cloak (worn)
 C - a +1 hat of see invisible (worn)
 F - a +0 pair of gloves (worn)
Jewellery
 a - an uncursed ring of flight {unknown}
 h - a cursed -3 ring of evasion
 o - an uncursed ring of resist corrosion
 t - a +6 ring of strength (left hand)
 B - an uncursed ring of protection from fire
 E - a +3 ring of strength
 H - a +3 ring of evasion (right hand)
Wands
 n - a wand of polymorph (21)
 w - a wand of scattershot (7)
 y - a wand of clouds (13)
 J - a wand of paralysis (11)
Scrolls
 i - 5 scrolls of identify
 j - 2 scrolls of noise
 k - a scroll of immolation
 u - a scroll of amnesia
 G - a scroll of random uselessness {unknown}
 K - 3 scrolls of remove curse
 L - a scroll of silence {unknown}
Potions
 e - 2 potions of degeneration {unknown}
 g - 3 potions of flight {unknown}
 l - a potion of berserk rage {unknown}
 m - a potion of cancellation {unknown}
 p - a potion of heal wounds
 q - 3 potions of agility {unknown}
 r - a potion of resistance {unknown}
 s - 2 potions of ambrosia {unknown}
 v - 4 potions of curing {unknown}
 x - a potion of brilliance {unknown}
 z - a potion of mutation {unknown}
Books
 D - a book of Minor Magic

   Spells                             Type                      Level
   a - Magic Dart                     Conjuration                  1
   b - Blink                          Translocation                2
   c - Call Imp                       Summoning                    2
   d - Slow                           Hexes                        2
   e - Conjure Flame                  Conjuration/Fire             3
   f - Mephitic Cloud                 Conjuration/Poison/Air       3
Comestibles
 f - 20 rations


   Skills:
 + Level 9.3(14.3) Fighting
 + Level 10.2(15.2) Long Blades
 + Level 8.5(13.5) Armour
 + Level 7.9(12.9) Dodging
 - Level 2.6(7.6) Shields


You had 10 spell levels left.
You didn't know any spells.

Dungeon Overview and Level Annotations

Branches:
Dungeon (10/15)            Temple (0/1) D:6             Orc (0/2) D:9
   Lair: D:8-11

Altars:
Dithmenos
Hepliaklqana
Makhleb
Okawaru
Uskayaw
Wu Jian
Xom
Zin
The Shining One

Shops:
D:3 *   D:5 }

Annotations:
D:3 2 transporters, Ignatius881's ghost, amateur GnCj
D:9 Snorg
D:10 oplop's ghost, novice FeEn


Innate Abilities, Weirdness & Mutations

You have sharp toenails.
You are mostly covered in icy blue scales. (AC +3)
Your flesh is heat resistant. (rF+)
When hurt, damage is shared between your health and your magic reserves.
You regenerate magic rapidly.
You are immune to clouds of flame.


Message History

You slice Snorg!! Your kick misses Snorg.
Snorg is lightly wounded.
Snorg barely misses you. You block Snorg's attack. x2
You closely miss Snorg. You claw Snorg!!
Snorg is moderately wounded.
Snorg closely misses you.
You riposte.
You slash Snorg! Your kick misses Snorg.
Snorg is heavily wounded.
You block Snorg's attack. x2
You slice Snorg!! You claw Snorg!
Snorg is severely wounded.
Snorg bites you but does no damage. Snorg barely misses you. Snorg claws you!
* * * LOW HITPOINT WARNING * * *
You slice Snorg!! You claw Snorg!
Snorg is almost dead.
You block Snorg's attack. x2; Snorg closely misses you.
Snorg bites you!
* * * LOW HITPOINT WARNING * * *
Snorg claws you.
* * * LOW HITPOINT WARNING * * *
Snorg claws you!
You die...

..##.#..# #.....≈≈≈≈≈≈≈....#
.#...#### #.....≈≈≈≈≈≈≈....#
#..#...# #.....≈≈≈≈≈≈≈....#
####...# #.....≈≈≈≈≈≈≈....#
#..## #.....≈≈≈≈≈≈≈....#
##.##########......≈≈≈≈≈≈....#
##.##.............≈≈≈≈≈≈....#
#....######T#####≈≈≈≈≈≈#####
###### #@# #≈≈≈≈≈≈≈ ###
#≈≈≈≈≈≈≈ ##≈≈≈≈≈≈ ##≈≈≈≈≈
######


You could see Snorg (berserk).

Vanquished Creatures
  3 two-headed ogres
  An iron troll (D:9)
  2 deep trolls (D:9)
  The ghost of dobroeutro the Slasher, a novice DsFi (D:5)
  7 trolls
  A hornet (D:9)
  2 hippogriffs (D:9)
  Sigmund (D:4)
  A spriggan (D:9)
  3 yaks (D:9)
  A wyvern (D:9)
  4 hungry ghosts
  4 sky beasts
  A black bear (D:7)
  2 ice beasts
  2 orc warriors
  2 phantoms (D:9)
  6 ogres
  A centaur (D:7)
  4 big kobolds
  2 bullfrogs (D:8)
  5 scorpions
  6 killer bees
  5 wights
  4 howler monkeys
  2 electric eels (D:9)
  5 crimson imps
  7 hounds
  A quasit (D:7)
  2 bullfrog skeletons
  A centaur skeleton (D:8)
  3 orc priests
  A gnoll shaman (D:8)
  5 iguanas
  6 orc wizards
  Crazy Yiuf (D:4)
  7 worker ants
  Ijyb (D:5)
  Natasha (thrice) (D:2)
  6 ogre zombies (D:9)
  A hound skeleton (D:10)
  2 worker ant zombies (D:9)
  9 gnolls
  10 adders
  A shadow imp (D:9)
  An ooze (D:4)
  4 adder skeletons
  An adder zombie (D:9)
  5 worms
  3 dart slugs
  10 leopard geckos
  28 orcs
  11 bats
  5 giant cockroaches
  6 goblins
  10 hobgoblins
  6 jackals
  32 kobolds
  6 quokkas
  3 ball pythons
  6 frilled lizards
  A goblin skeleton (D:9)
  A goblin zombie (D:9)
  7 hobgoblin zombies (D:9)
  A leopard gecko skeleton (D:4)
  A leopard gecko zombie (D:8)
  3 orc skeletons (D:9)
  7 orc zombies (D:9)
  A quokka skeleton (D:4)
  13 rats
317 creatures vanquished.

Vanquished Creatures (others)
  4 jackals (D:6)
  A plant (D:1)
5 creatures vanquished.

Grand Total: 322 creatures vanquished

Notes
Turn   | Place    | Note
-------+----------+-------------------------------------------
     0 | D:1      | dobroeutro the Demonspawn Fighter began the quest for the Orb.
     0 | D:1      | Reached XP level 1. HP: 18/18 MP: 1/1
    30 | D:1      | Reached skill level 2 in Long Blades
   138 | D:1      | Gained mutation: Your flesh is heat resistant. (rF+) [demonic ancestry]
   138 | D:1      | Reached XP level 2. HP: 20/24 MP: 2/2
   363 | D:1      | Reached skill level 3 in Long Blades
   657 | D:2      | Noticed Natasha
   733 | D:2      | Reached XP level 3. HP: 25/29 MP: 3/3
   777 | D:2      | Killed Natasha
  1024 | D:2      | Gained mutation: When hurt, damage is shared between your health and your magic reserves. [demonic ancestry]
  1024 | D:2      | Reached XP level 4. HP: 26/35 MP: 4/4
  1043 | D:2      | Reached skill level 4 in Long Blades
  1047 | D:2      | Noticed Natasha
  1158 | D:2      | Killed Natasha
  1377 | D:2      | Found a shimmering altar of Xom.
  1379 | D:2      | Found a shimmering altar of Xom.
  1384 | D:2      | Found a shimmering altar of Xom.
  1386 | D:2      | Found a shimmering altar of Xom.
  1516 | D:2      | Noticed Natasha
  1521 | D:2      | Killed Natasha
  1521 | D:2      | Gained mutation: You have sharp toenails. [demonic ancestry]
  1521 | D:2      | Reached XP level 5. HP: 30/41 MP: 2/5
  1625 | D:2      | Reached skill level 5 in Long Blades
  2351 | D:3      | Found a transporter.
  2406 | D:3      | Found a transporter.
  2476 | D:3      | Gained mutation: You are partially covered in icy blue scales. (AC +2) [demonic ancestry]
  2476 | D:3      | Reached XP level 6. HP: 45/47 MP: 6/6
  2481 | D:3      | Found Zin's Purification Station.
  2481 | D:3      | Found a glowing silver altar of Zin.
  2504 | D:3      | Noticed a sky beast
  2531 | D:3      | Killed a sky beast
  2531 | D:3      | Reached skill level 6 in Long Blades
  2811 | D:3      | Noticed Ignatius881's ghost (amateur GnCj)
  3276 | D:4      | Noticed Ijyb
  3306 | D:5      | Entered Level 5 of the Dungeon
  3318 | D:5      | Killed Ijyb
  3318 | D:5      | Reached skill level 1 in Dodging
  3631 | D:5      | Reached XP level 7. HP: 52/52 MP: 7/7
  4040 | D:4      | Found an iron altar of Okawaru.
  4069 | D:4      | Became a worshipper of Warmaster Okawaru
  4194 | D:4      | Found a glowing golden altar of the Shining One.
  4230 | D:4      | Noticed Sigmund
  4249 | D:4      | Killed Sigmund
  4431 | D:4      | Reached * piety under Okawaru
  4431 | D:4      | Reached skill level 7 in Long Blades
  4431 | D:4      | Gained mutation: You are immune to clouds of flame. [demonic ancestry]
  4431 | D:4      | Reached XP level 8. HP: 19/61 MP: 2/8
  4570 | D:4      | Found a runed door.
  4804 | D:4      | Noticed Crazy Yiuf
  4813 | D:4      | Killed Crazy Yiuf
  5236 | D:5      | Found a hide-covered altar of Uskayaw.
  5243 | D:5      | Noticed dobroeutro's ghost (novice DsFi)
  5277 | D:5      | Killed dobroeutro's ghost
  5277 | D:5      | Reached skill level 5 in Fighting
  5559 | D:5      | Found a shadowy altar of Dithmenos.
  5606 | D:5      | Found Covupsuo's Gadget Emporium.
  5809 | D:5      | Reached skill level 5 in Armour
  6266 | D:6      | Gained mutation: You are mostly covered in icy blue scales. (AC +3) [demonic ancestry]
  6266 | D:6      | Reached XP level 9. HP: 69/69 MP: 9/9
  6280 | D:6      | Reached ** piety under Okawaru
  6330 | D:6      | Found a burning altar of Makhleb.
  6471 | D:6      | Found a staircase to the Ecumenical Temple.
  6538 | D:6      | Found a hazy altar of Hepliaklqana.
  6582 | D:6      | Reached skill level 8 in Long Blades
  6703 | D:7      | Reached skill level 5 in Dodging
  6725 | D:7      | Reached *** piety under Okawaru
  7280 | D:8      | Found an ornate altar of the Wu Jian Council.
  7310 | D:8      | Received a gift from Okawaru
  7388 | D:8      | Noticed a two-headed ogre
  7405 | D:8      | Killed a two-headed ogre
  7405 | D:8      | Reached XP level 10. HP: 26/79 MP: 4/10
  7705 | D:8      | Reached **** piety under Okawaru
  7705 | D:8      | Reached skill level 9 in Long Blades
  7756 | D:8      | Noticed a two-headed ogre
  7765 | D:8      | Killed a two-headed ogre
  8484 | D:9      | Found a staircase to the Orcish Mines.
  8487 | D:9      | Noticed a two-headed ogre
  8528 | D:9      | Killed a two-headed ogre
  8528 | D:9      | Reached ***** piety under Okawaru
  8528 | D:9      | Received a gift from Okawaru
  8787 | D:9      | Noticed a deep troll
  8803 | D:8      | Gained mutation: You regenerate magic rapidly. [demonic ancestry]
  8803 | D:8      | Reached XP level 11. HP: 76/87 MP: 11/11
  9147 | D:9      | Noticed an iron troll
  9164 | D:9      | Killed a deep troll
  9184 | D:9      | Killed an iron troll
  9184 | D:9      | Reached skill level 10 in Long Blades
  9466 | D:9      | Noticed a deep troll
  9485 | D:9      | Killed a deep troll
  9485 | D:9      | Received a gift from Okawaru
 10037 | D:10     | Entered Level 10 of the Dungeon
 10058 | D:10     | Noticed Snorg
 10072 | D:10     | Noticed oplop's ghost (novice FeEn)
 10087 | D:9      | HP: 4/89 [Snorg (9)]
 10087 | D:9      | Slain by Snorg

Skill      XL: |  1  2  3  4  5  6  7  8  9 10 11 |
---------------+----------------------------------+-----
Long Blades    | 2 3 4 5 6 7 8 9 10 | 10.2
Armour         | 3 4 5 6 7 8 |  8.5
Dodging        | 1 2 4 5 7 |  7.9
Fighting       | 4 5 7 8 9 |  9.3
Shields        | |  2.6

Action                   |  1- 3 |  4- 6 |  7- 9 | 10-12 || total
-------------------------+-------+-------+-------+-------++-------
Melee: Long sword        |    98 |   213 |   239 |   133 ||   683
       Kick              |       |    45 |   138 |   128 ||   311
       Falchion          |       |       |   170 |   183 ||   353
Invok: Heroism           |       |       |     2 |     4 ||     6
  Use: Potion            |       |       |     1 |     3 ||     4
       Scroll            |       |       |     8 |     2 ||    10
  Eat: Chunk             |     1 |     8 |    13 |     6 ||    28
       Ration            |       |       |       |     2 ||     2
Armor: Scale mail        |    31 |    79 |   123 |   102 ||   335
Dodge: Dodged            |    20 |    62 |   116 |   170 ||   368
Block: Shield            |    39 |    95 |   180 |   172 ||   486
       Rpst.: Long sword |     6 |    25 |    16 |    17 ||    64
       Falchion          |       |       |    19 |    21 ||    40
